AoeStats
← 陆小果

Fortress

507859237Analyzed
4v4 RM · 11d ago on Sep 20, 2026· 44m 18s· 8 players
Game mode
Random Map
Map size
Huge
Population
200
Speed
Normal
Resources
Standard
Victory
Conquest
Starting age
Dark Age
Ending age
Imperial Age
RankedLock teamsTeams togetherTeam positionsShared explorationLock speedFull tech treeHidden civsTurbo modeCheats
Victory
Defeat
🇵🇪 Hindustanis · Peru
786
+7
🇺🇸 Persians · United States
712
+10
🇺🇸 Wei · United States
710
+10
🇩🇴 Vikings · Dominican Republic
671
+11
🇺🇸 Khmer · United States
605
-10
🇺🇸 Bohemians · United States
576
-10
🇭🇰 Shu · Hong Kong SAR China
575
-10
🇺🇸 Mongols · United States
510
-8
non-offensive-name
1:17 Loom
7:56 Feudal Age
10:40 Wheelbarrow
9:47 Horse Collar
9:55 Double-Bit Axe
14:18 Man-at-Arms
21:59 Town Watch
22:18 Stone Mining
22:18 Gold Mining
23:28 Bloodlines
23:09 Arson
27:50 Castle Age
29:33 Nomads
30:03 Bow Saw
29:20 Light Cavalry
30:02 Husbandry
30:41 Pikeman
31:23 Squires
31:30 Thumb Ring
34:15 Forging
34:11 Scale Barding Armor
34:22 Masonry
34:23 Fortified Wall
34:57 Padded Archer Armor
34:48 Fletching
36:10 Leather Archer Armor
35:37 Long Swordsman
37:35 Bodkin Arrow
39:04 Hand Cart
42:29 Scale Mail Armor
Comander
0:28 Loom
8:47 Feudal Age
13:12 Double-Bit Axe
16:05 Castle Age
13:52 Horse Collar
21:01 Bow Saw
21:02 Heavy Plow
26:07 Imperial Age
23:36 Fletching
24:58 Wheelbarrow
24:09 Town Watch
26:20 Husbandry
27:30 Fervor
27:47 Conscription
29:36 Hand Cart
28:53 Elite Skirmisher
29:54 Cavalier
31:28 Town Patrol
32:27 Onager
35:05 Chemistry
34:31 Fortified Wall
34:39 Scale Barding Armor
34:44 Forging
36:48 Two-Man Saw
37:08 Chain Barding Armor
36:50 Houfnice
37:10 Pikeman
37:53 Squires
37:38 Arson
38:35 Caravan
40:37 Siege Engineers
40:30 Murder Holes
40:56 Ballistics
43:02 Man-at-Arms
MoldyShelf59466
0:31 Loom
6:43 Feudal Age
8:07 Double-Bit Axe
9:29 Wheelbarrow
12:26 Horse Collar
14:49 Gold Mining
14:51 Stone Mining
15:29 Town Watch
18:55 Castle Age
18:26 Man-at-Arms
19:21 Forging
19:17 Scale Barding Armor
25:29 Bow Saw
25:47 Hand Cart
30:43 Tusk Swords
31:12 Caravan
32:07 Gold Shaft Mining
36:21 Imperial Age
35:59 Stone Shaft Mining
37:04 Fletching
37:33 Heavy Plow
38:17 Ballistics
陆小果
8:13 Feudal Age
15:52 Double-Bit Axe
18:26 Castle Age
17:24 Horse Collar
18:39 Loom
19:56 Crossbowman
20:39 Gold Mining
20:40 Stone Mining
24:07 Bow Saw
25:06 Gold Shaft Mining
24:47 Padded Archer Armor
24:40 Fletching
24:55 Caravan
25:27 Coinage
31:11 Imperial Age
29:22 Coiled Serpent Array
30:30 Thumb Ring
30:54 Ballistics
32:37 Arbalester
33:42 Town Watch
35:35 Conscription
37:21 Two-Man Saw
38:52 Bodkin Arrow
39:13 Leather Archer Armor
40:20 Bolt Magazine
Dr_foul
8:58 Feudal Age
11:55 Double-Bit Axe
11:52 Horse Collar
19:28 Wheelbarrow
23:14 Castle Age
21:23 Gold Mining
22:05 Scale Mail Armor
22:16 Forging
22:29 Arson
22:50 Stone Mining
23:01 Pikeman
23:43 Squires
24:04 Bow Saw
24:00 Heavy Plow
27:13 Imperial Age
25:31 Gold Shaft Mining
25:19 Chain Mail Armor
27:55 Hand Cart
28:25 Halberdier
30:50 Crop Rotation
34:13 Two-Man Saw
33:51 Conscription
33:03 Onager
34:52 Chemistry
34:49 Crossbowman
35:36 Thumb Ring
37:08 Kamandaran
40:21 Town Watch
41:01 Masonry
40:16 Elite War Elephant
44:19 Plate Mail Armor
44:25 Iron Casting
Eel Eye
7:32 Feudal Age
11:31 Castle Age
9:42 Horse Collar
10:10 Double-Bit Axe
12:00 Wheelbarrow
17:03 Guard Tower
18:21 Loom
20:08 Ballistics
20:19 Hand Cart
26:03 Fletching
26:25 Forging
29:59 Iron Casting
29:30 Scale Barding Armor
29:23 Bodkin Arrow
29:28 Padded Archer Armor
32:08 Chain Barding Armor
32:24 Thumb Ring
36:08 Imperial Age
37:57 Tuntian
Nothing happened, go cry!
3:15 Loom
8:50 Feudal Age
13:47 Castle Age
12:07 Double-Bit Axe
12:12 Horse Collar
13:23 Gold Mining
13:02 Man-at-Arms
13:28 Arson
14:02 Stone Mining
16:26 Bow Saw
16:21 Town Watch
16:42 Squires
16:06 Long Swordsman
19:27 Gold Shaft Mining
19:19 Fervor
19:52 Heavy Plow
23:22 Gambesons
23:38 Squires
28:16 Imperial Age
26:51 Town Patrol
26:47 Pikeman
27:31 Scale Mail Armor
27:41 Forging
27:21 Fletching
29:00 Chain Mail Armor
29:33 Two-Handed Swordsman
31:28 Champion
32:30 Conscription
33:07 Crop Rotation
32:59 Caravan
34:38 Two-Man Saw
34:37 Chieftains
35:47 Iron Casting
35:45 Plate Mail Armor
35:20 Padded Archer Armor
34:46 Light Cavalry
35:33 Bodkin Arrow
35:52 Scale Barding Armor
38:25 Hoardings
38:02 Siege Engineers
38:08 Masonry
37:53 Murder Holes
39:00 Chemistry
38:20 Ballistics
38:10 Fortified Wall
A.A
4:15 Loom
6:27 Feudal Age
7:53 Double-Bit Axe
11:53 Horse Collar
14:21 Castle Age
12:44 Gold Mining
12:45 Stone Mining
15:13 Heavy Plow
16:29 Bow Saw
24:51 Forging
24:42 Scale Mail Armor
24:48 Scale Barding Armor
26:26 Stone Shaft Mining
28:52 Wheelbarrow
32:12 Imperial Age
32:47 Hand Cart
32:53 Hand Cart
34:05 Conscription
33:49 Shatagni
33:56 Grand Trunk Road
33:22 Elite Skirmisher
34:09 Thumb Ring
34:47 Iron Casting
34:27 Chain Mail Armor
34:14 Padded Archer Armor
34:05 Fletching
34:28 Siege Elephant
36:29 Chemistry
35:51 Ballistics
35:30 Murder Holes
37:03 Arson
36:39 Pikeman
37:21 Squires
37:46 Bodkin Arrow
44:37 Chain Barding Armor
45:18 Blast Furnace
44:19 Bracer
44:34 Leather Archer Armor
44:35 Masonry
44:30 Siege Engineers
Connection lost

Rejoining the realm…

Still unreachable

The connection could not be restored.

Session expired

The server has moved on; the page needs a fresh start.